 Dungeon Crawl Stone Soup version 0.24-a0-618-ge4662a2d14 (webtiles) character file.

Game seed: 5254032146691314980, levelgen mode: deterministic

29 Oninnaise the Chopper (level 3, -1/29 HPs)
             Began as a Demonspawn Chaos Knight on Sept 16, 2019.
             Was a Plaything of Xom.
             Slain by a worm (9 damage)
             ... on level 2 of the Dungeon.
             The game lasted 00:00:36 (134 turns).

Oninnaise the Chopper (Demonspawn Chaos Knight)      Turns: 134, Time: 00:00:37

Health: -1/29      AC:  5    Str: 13    XL:     3   Next: 1%
Magic:  3/3        EV: 11    Int: 13    God:    Xom [..*...]
Gold:   9          SH:  0    Dex: 12    Spells: 2/2 levels left

rFire    . . .     SeeInvis .   a - +0 hand axe (chaos)
rCold    . . .     Gourm    .   (no shield)
rNeg     . . .     Faith    .   b - +2 leather armour
rPois    .         Spirit   .   (no helmet)
rElec    .         Reflect  .   (no cloak)
rCorr    .         Harm     .   (no gloves)
MR       .....                  (no boots)
Stlth    +.........             (no amulet)
HPRegen  0.09/turn              (no ring)
MPRegen  0.08/turn              (no ring)

@: no status effects
A: talons 2
a: Renounce Religion


You were on level 2 of the Dungeon.
You worshipped Xom.
You were a toy of Xom.
You were not hungry.

You visited 1 branch of the dungeon, and saw 2 of its levels.

You collected 9 gold pieces.

Inventory:

Hand Weapons
 a - a +0 hand axe of chaos (weapon)
Armour
 b - a +2 leather armour (worn)
Scrolls
 d - a scroll of identify {unknown}
 e - a scroll of fear {unknown}
Comestibles
 c - a ration


   Skills:
 - Level 3.2 Fighting
 + Level 3.4 Axes
 - Level 1.9 Armour
 - Level 0.8 Dodging
 + Level 0.5 Stealth


You had 2 spell levels left.
You didn't know any spells.
Your spell library was empty.

Dungeon Overview and Level Annotations

Branches:
Dungeon (1/15)

Altars:


Innate Abilities, Weirdness & Mutations

You have razor-sharp toenails.


Message History

You hit the worm. You freeze the worm.
The worm is moderately wounded.
You hit the hobgoblin.
You feel better. The hobgoblin closely misses you. The worm bites you!
You hit the worm but do no damage.
The worm is moderately wounded.
You hit the hobgoblin. The hobgoblin hits you.
* * * LOW HITPOINT WARNING * * *
The hobgoblin hits you but does no damage.
You barely miss the worm. You claw the worm, but do no damage.
The worm is moderately wounded.
You hit the hobgoblin.
You kill the hobgoblin!
You have reached level 3!
Your experience leads to an increase in your attributes!
Increase (S)trength, (I)ntelligence, or (D)exterity?
You feel stronger.
Your demonic ancestry asserts itself...
Your toenails lengthen and sharpen.
The worm bites you!
You die...

...# ... ....# ...
.K..## ..# ..... ###
##l##>..# ... ..[..g#
#.##w#...##
#.#@#....# #.
#..K....# #!
##......# #.
#....#### #. #†#..#
#. #.#..#
.#####.####.#..#
...............######
####.............#


You could see a worm, a kobold and a frilled lizard.

Vanquished Creatures
  2 worms (D:2)
  A leopard gecko (D:2)
  A goblin (D:2)
  2 hobgoblins
  9 jackals
  A kobold (D:2)
  A bat (D:2)
  2 rats (D:2)
19 creatures vanquished.

Notes
Turn   | Place    | Note
-------+----------+-------------------------------------------
     0 | D:1      | Oninnaise the Demonspawn Chaos Knight began the quest for
                  | the Orb.
     0 | D:1      | Reached XP level 1. HP: 18/18 MP: 1/1
    36 | D:1      | You fall into a shaft and drop 1 floor!
    43 | D:2      | Gained mutation: You have sharp toenails. [demonic
                  | ancestry]
    43 | D:2      | Reached XP level 2. HP: 20/24 MP: 2/2
    89 | D:2      | XOM: harmless Air miscast
   134 | D:2      | Gained mutation: You have razor-sharp toenails. [demonic
                  | ancestry]
   134 | D:2      | Reached XP level 3. HP: 7/29 MP: 3/3
   134 | D:2      | Slain by a worm

Levels and vault maps discovered:
D:1:      dpeg_arrival_tiny_c, layout_loops_cross, kennysheep_small_spiral
D:2:      layout_loops_ring, grunt_temple_overflow_forces_of_nature,
          zin_statuary

Skill      XL: |  1 |
---------------+----+-----
Axes           | 3 |  3.4
Fighting       | |  3.2
Armour         | |  1.9
Dodging        | |  0.8
Stealth        | |  0.5

Action                   || total
-------------------------++-------
Melee: Hand axe          ||    47
       Kick              ||    11
 Stab: Paralysed         ||     5
Armor: Leather armour    ||    21
Dodge: Dodged            ||    24

Table legend:
 A = Non-vault XP
 B = Vault XP
 C = Vault XP percentage of total XP
 D = Non-vault monster count
 E = Vault monster count
 F = Vault count percentage of total count
                 A         B        C        D         E       F
            +---------+---------+-------+---------+---------+-------
      Total |      42 |       0 |   0.0 |      19 |       0 |   0.0
            +---------+---------+-------+---------+---------+-------
        D:1 |      10 |       0 |   0.0 |       5 |       0 |   0.0
        D:2 |      32 |       0 |   0.0 |      14 |       0 |   0.0
            +---------+---------+-------+---------+---------+-------
